 Dungeon Crawl Stone Soup version 0.31.0-12-g77e489cdc1 (webtiles) character file.

Game seed: 10019157001227942092

1589 Peloso the Shield-Bearer (level 8, 0/70 HPs)
             Began as a Minotaur Fighter on Mar 6, 2024.
             Slain by an orc warrior
             ... wielding a +0 dire flail
              (18 damage)
             ... on level 6 of the Dungeon.
             The game lasted 00:10:31 (5610 turns).

Peloso the Shield-Bearer (Minotaur Fighter)         Turns: 5610, Time: 00:10:31

Health: 0/70       AC: 10    Str: 21    XL:     8   Next: 61%
Magic:  7/7        EV:  6    Int:  5    God:
Gold:   278        SH: 14    Dex: 12    Spells: 7/7 levels left

rFire   . . .        a - +0 long sword
rCold   . . .        d - +0 tower shield
rNeg    . . .        g - +0 chain mail
rPois   .            (helmet currently unavailable)
rElec   .            (cloak currently unavailable)
rCorr   +            (gloves currently unavailable)
SInv    .            (boots currently unavailable)
Will    .....        m - amulet of the acrobat Stlth
                     o - ring of flight
HPRegen 0.31/turn    n - ring of resist corrosion
MPRegen 0.10/turn

%: acrobat
@: beast-form, flying
A: beast (slay +1), horns 2, retaliatory headbutt
a: Begin Untransformation


You were on level 6 of the Dungeon.
You were a hulking beast.
You visited 1 branch of the dungeon, and saw 6 of its levels.

You collected 278 gold pieces.

Inventory:

Hand Weapons
 a - a +0 long sword (weapon)
 b - a +1 rapier of flaming
Armour
 d - a +0 tower shield (worn)
 g - a +0 chain mail (worn)
 q - a +0 cloak
Jewellery
 m - an amulet of the acrobat (around neck)
 n - a ring of resist corrosion (right hand)
 o - a ring of flight (left hand)
 r - a +4 ring of protection
 s - a +6 ring of strength
Talismans
 c - a beast talisman (active)
Scrolls
 e - 2 scrolls of fear
 h - 2 scrolls of identify
 i - a scroll of blinking
 j - a scroll of enchant weapon
 k - 2 scrolls of butterflies {unknown}
 l - 3 scrolls of poison {unknown}
Potions
 f - 2 potions of might
 p - a potion of resistance {unknown}
 t - a potion of brilliance {unknown}


   Skills:
 + Level 6.1 Fighting
 + Level 7.2 Long Blades
 + Level 6.2 Armour
 + Level 2.4 Dodging
 + Level 0.3 Stealth
 + Level 7.5 Shields
 + Level 2.5 Shapeshifting


You had 7 spell levels left.
You didn't know any spells.
Your spell library contained the following spells:

 Spells                   Type           Power      Damage    Failure   Level
 Call Canine Familiar     Summ           0%         N/A       100%        3
 Hailstorm                Conj/Ice       0%         3d5       100%        3
 Summon Ice Beast         Ice/Summ       0%         N/A       100%        3
 Anguish                  Hex/Necr       0%         N/A       100%        4
 Dispel Undead            Necr           0%         3d6       100%        4
 Summon Mana Viper        Hex/Summ       0%         N/A       100%        5
 Sculpt Simulacrum        Ice/Alch       0%         N/A       100%        6
 Monstrous Menagerie      Summ           0%         N/A       100%        7
 Summon Hydra             Summ           0%         N/A       100%        7


Dungeon Overview and Level Annotations

Branches:
Dungeon (6/15)
 Temple: D:4-7

Altars:

Shops:
D:5 [=

Annotations:
D:3 2 runed translucent doors, CapUranus's ghost, amateur HOFi


Innate Abilities, Weirdness & Mutations

You are a hulking beast.
Your limbs bulge with bestial killing power. (Slay +1)
You have a pair of horns on your head.
You reflexively headbutt those who attack you in melee.


Message History

The white imp gestures at you.
The puff of frost hits you but does no damage.
You see here a +0 orcbow.
You hit the white imp.
The white imp is lightly wounded.
The white imp gestures at you. The puff of frost hits you!
You hit the white imp. You headbutt the white imp.
The white imp is almost dead.
The white imp hits you but does no damage.
The white imp gestures at you. The puff of frost misses you.
You closely miss the white imp.
The white imp is almost dead.
You block the white imp's attack.
You barely miss the white imp. You headbutt the white imp.
You kill the white imp!
An orc priest comes into view. It is wielding a +0 flail.
An orc priest is nearby!
An orc priest is nearby!
The orc priest shouts!
You hear a shout!
The orc priest invokes the aid of Beogh against you.
Pain shoots through your body!
You hear a shout!
An orc warrior comes into view. It is wielding a +0 dire flail.
The orc warrior shouts!
The orc priest completely misses you.
You slash the orc priest!
The orc priest is severely wounded.
The orc priest barely misses you. You furiously retaliate!
You headbutt the orc priest!
You kill the orc priest!
You barely miss the orc warrior.
You headbutt the orc warrior, but do no damage.
The orc warrior hits you with a +0 dire flail!
* * * LOW HITPOINT WARNING * * *
You slash the orc warrior!
The orc warrior is moderately wounded.
The orc warrior hits you with a +0 dire flail!!
You die...

# . #. #.## ####
#.. ...## # #
#.#####...#.# #.
##oh...)?...# ..
##.#####)....#
#.#.#####.###.....
#....<....# .###
#..######.# #.. ##
#.. ##. ..


You could see an orc warrior.

Vanquished Creatures
  Grinder (D:4)
  Sigmund (D:2)
  Eustachio (D:4)
  A black bear (D:5)
  An orc warrior (D:5)
  An ogre (D:5)
  2 centaurs (D:6)
  2 scorpions
  A howler monkey (D:4)
  A bombardier beetle (D:4)
  A jelly (D:5)
  Crazy Yiuf (D:4)
  2 orc priests
  Natasha (D:2)
  Terence (D:2)
  2 iguanas (D:4)
  3 orc wizards (D:5)
  6 adders
  A white imp (D:6)
  2 ufetubi (D:5)
  5 dart slugs
  12 orcs
  10 endoplasms
  7 giant cockroaches
  5 goblins
  13 hobgoblins
  3 quokkas
  10 ball pythons
  2 bats
  3 frilled lizards (D:2)
  5 kobolds
  3 rats
110 creatures vanquished.

Notes
Turn   | Place    | Note
-------+----------+-------------------------------------------
     0 | D:1      | Peloso the Minotaur Fighter began the quest for the Orb.
     0 | D:1      | Reached XP level 1. HP: 19/19 MP: 0/0
   111 | D:1      | Reached XP level 2. HP: 26/27 MP: 1/1
   611 | D:1      | Reached XP level 3. HP: 32/33 MP: 2/2
  1136 | D:2      | Noticed Sigmund
  1146 | D:2      | Killed Sigmund
  1147 | D:2      | Reached skill level 1 in Shapeshifting
  1147 | D:2      | Reached XP level 4. HP: 32/41 MP: 3/3
  1147 | D:2      | Reached XP level 5. HP: 37/47 MP: 4/4
  1591 | D:2      | Noticed Natasha
  1597 | D:2      | Killed Natasha
  1634 | D:2      | Noticed Terence
  1648 | D:2      | Killed Terence
  1649 | D:2      | Reached skill level 5 in Fighting
  1950 | D:3      | Reached XP level 6. HP: 56/56 MP: 5/5
  1966 | D:3      | You fall into a shaft and drop 2 floors!
  1966 | D:5      | Entered Level 5 of the Dungeon
  1974 | D:5      | Found Wontegaem's One-of-a-Kind Rings.
  1988 | D:5      | Reached skill level 5 in Shields
  2001 | D:5      | Found Meomedgh's Antique Armour Emporium.
  2027 | D:5      | Reached skill level 5 in Armour
  2057 | D:5      | Noticed an orc warrior
  2081 | D:5      | Killed an orc warrior
  2087 | D:5      | Reached skill level 1 in Dodging
  2087 | D:5      | Reached XP level 7. HP: 8/61 MP: 6/6
  2583 | D:4      | Reached skill level 5 in Long Blades
  2730 | D:4      | Identified the +8 dagger "Paosoe" {spect, rF+}
  2954 | D:4      | Noticed Grinder
  2962 | D:4      | Paralysed by Grinder for 2 turns
  2975 | D:4      | Killed Grinder
  3077 | D:4      | Noticed Eustachio
  3116 | D:4      | Killed Eustachio
  3117 | D:4      | Reached XP level 8. HP: 29/70 MP: 7/7
  3313 | D:4      | Got the Disquisition on the Collective Grave
  3598 | D:4      | Found a runed translucent door.
  3599 | D:4      | Noticed Crazy Yiuf
  3634 | D:4      | Killed Crazy Yiuf
  3881 | D:3      | Found a large runed translucent door.
  3881 | D:3      | Found a large runed translucent door.
  4313 | D:3      | Noticed CapUranus's ghost (amateur HOFi)
  5610 | D:6      | Slain by an orc warrior

Illustrated notes

Levels and vault maps discovered:
D:1:      shiori_arrival_elements, layout_basic
D:2:      layout_loops_corners, minmay_statues_item, uniq_terence, uniq_sigmund,
          uniq_natasha
D:3:      layout_loops_ring, ebering_ghost_disaster_area, dk_noncrumbling_4,
          chequers_big_river
D:4:      layout_loops_ring, uniq_crazy_yiuf_cottage, uniq_grinder,
          uniq_eustachio
D:5:      layout_gridville, serial_shops, shop, nicolae_shop_unique_rings,
          kennysheep_generic_room_13
D:6:      layout_loops_ring, kennysheep_generic_room_4

Skill      XL: |  1  2  3  4  5  6  7  8 |
---------------+-------------------------+-----
Fighting       | 4 5 6 |  6.1
Armour         | 4 5 6 |  6.2
Shields        | 4 5 6 7 |  7.5
Long Blades    | 3 4 6 7 |  7.2
Shapeshifting  | 1 2 |  2.5
Dodging        | 1 2 |  2.4
Stealth        | |  0.3

Action                     |  1- 3 |  4- 6 |  7- 9 || total
---------------------------+-------+-------+-------++-------
  Melee: Long sword        |    64 |   113 |   177 ||   354
         Headbutt          |     9 |    12 |    28 ||    49
    Use: Scroll            |     2 |     1 |       ||     3
         Potion            |       |     2 |       ||     2
 Armour: Scale mail        |     8 |       |       ||     8
         Chain mail        |    30 |    95 |   117 ||   242
  Dodge: Dodged            |    16 |    31 |    69 ||   116
  Block: Buckler           |     4 |       |       ||     4
         Tower shield      |    28 |    70 |   189 ||   287
   Form: Beast             |     1 |       |     2 ||     3
                           |       |       |     2 ||     2
